General information
			
			
        
        - name: BNet
 
        - type: Ladder 1vs1/FFA
 
        - host: Battle.net
 
        - saver: clustercluck1
 
        
map: EchoIsles 
        - players: 2
 
        - length: 23:15
 
        - speed: Fast
 - version: 1.22 W3XP
 - replay type:  Public
 
» download(80 KB)
Players
        team 1 (winner) 
              
              
clustercluck1 (
blue | 108 APM | 2510 actions | 23:15)
              
 5 Death Knight 
 3 Death Coil
 2 Unholy Aura
 4 Lich 
 2 Frost Nova
 2 Frost Armor
 
                » actions 
                
                | Assign group hotkey | 29 |  | 
| Basic commands | 1 |  | 
| Build / train | 64 |  | 
| Enter build submenu | 19 |  | 
| Enter hero's abilities submenu | 9 |  | 
| Give item / drop item | 3 |  | 
| Right click | 1186 |  | 
| Select / deselect | 200 |  | 
| Select group hotkey | 929 |  | 
| Use ability | 70 |  | 
                2510 total
 » units 
                
                | Acolyte | 8 |  | 
| Ghoul | 3 |  | 
| Crypt Fiend | 16 |  | 
| Obsidian Statue | 2 |  | 
| Frost Wyrm | 2 |  | 
                31 total
 » upgrades
                
                | Freezing Breath | 1 |  | 
| Creature Attack | 3 |  | 
| Creature Carapace | 3 |  | 
                7 total
 » buildings
                
                | Altar of Darkness | 1 |  | 
| Ziggurat | 9 |  | 
| Crypt | 1 |  | 
| Tomb of Relics | 2 |  | 
| Graveyard | 1 |  | 
| Halls of the Dead | 1 |  | 
| Nerubian Tower | 2 |  | 
| Black Citadel | 1 |  | 
| Slaughterhouse | 1 |  | 
| Sacrificial Pit | 1 |  | 
| Boneyard | 1 |  | 
| Spirit Tower | 4 |  | 
                25 total
 » build order
                00:02 Altar of Darkness
00:03 Ziggurat
00:33 Crypt
00:56 Tomb of Relics
01:13 Graveyard
02:09 Ziggurat
02:49 Halls of the Dead
03:37 Nerubian Tower
03:54 Nerubian Tower
04:41 Ziggurat
05:32 Ziggurat
06:09 Black Citadel
07:07 Slaughterhouse
08:06 Sacrificial Pit
09:01 Boneyard
13:42 Ziggurat
15:50 Ziggurat
15:50 Ziggurat
15:51 Ziggurat
15:52 Tomb of Relics
17:18 Spirit Tower
17:27 Spirit Tower
18:13 Spirit Tower
18:30 Ziggurat
20:53 Spirit Tower
» items
                
                | Rod of Necromancy | 1 |  | 
| Orb of Corruption | 1 |  | 
| Potion of Mana | 3 |  | 
| Scroll of Town Portal | 1 |  | 
| Potion of Lesser Invulnerability | 1 |  | 
                7 total
  
               team 2 (loser) 
              
              
ForestII (
green | 104 APM | 2420 actions | 23:13)
              
 3 Archmage 
 1 Summon Water Elemental
 1 Blizzard
 1 Brilliance Aura
 3 Paladin 
 2 Holy Light
 1 Divine Shield
 
                » actions 
                
                | Assign group hotkey | 56 |  | 
| Basic commands | 84 |  | 
| Build / train | 60 |  | 
| Enter build submenu | 25 |  | 
| Enter hero's abilities submenu | 7 |  | 
| Remove unit from queue | 1 |  | 
| Right click | 934 |  | 
| Select / deselect | 657 |  | 
| Select group hotkey | 517 |  | 
| Use ability | 79 |  | 
                2420 total
 » units 
                
                | Peasant | 6 |  | 
| Footman | 4 |  | 
| Spell Breaker | 8 |  | 
| Sorceress | 5 |  | 
| Priest | 4 |  | 
| Mortar Team | 1 |  | 
| Rifleman | 1 |  | 
| Knight | 2 |  | 
| Siege Engine | 3 |  | 
                34 total
 » upgrades
                
                | Defend | 1 |  | 
| Sorceress Training | 2 |  | 
| Priest Training | 1 |  | 
| Lumber Harvesting | 1 |  | 
| Barrage | 1 |  | 
                6 total
 » buildings
                
                | Altar of Kings | 1 |  | 
| Barracks | 2 |  | 
| Farm | 10 |  | 
| Keep | 1 |  | 
| Arcane Vault | 1 |  | 
| Arcane Sanctum | 2 |  | 
| Lumber Mill | 1 |  | 
| Town Hall | 3 |  | 
| Blacksmith | 1 |  | 
| Workshop | 2 |  | 
| Castle | 2 |  | 
| Scout Tower | 1 |  | 
| Guard Tower | 2 |  | 
                29 total
 » build order
                00:04 Altar of Kings
00:06 Barracks
00:25 Farm
01:04 Farm
02:50 Keep
03:49 Arcane Vault
04:36 Barracks
04:43 Farm
04:55 Farm
05:05 Farm
05:26 Arcane Sanctum
05:31 Arcane Sanctum
06:49 Farm
06:55 Lumber Mill
07:35 Farm
09:19 Town Hall
10:36 Blacksmith
11:56 Workshop
13:40 Town Hall
13:53 Workshop
14:53 Castle
14:53 Castle
15:58 Scout Tower
16:30 Guard Tower
16:33 Guard Tower
19:32 Farm
19:34 Farm
20:27 Farm
22:53 Town Hall
» items
                
                | Potion of Healing | 1 |  | 
| Potion of Mana | 1 |  | 
| Ivory Tower | 3 |  | 
                5 total
  
                Chat log
          
(23:10 / All) ForestII: gg
(23:11 / All) clustercluck1: gg